 Dungeon Crawl Stone Soup version 0.30-b1-2-g02819fbbbe (webtiles) character file.

Game seed: 5399867400307330443

12544 doot the Basher (level 11, -1/87 HPs)
             Began as a Gnoll Reaver on Aug 24, 2023.
             Was an Initiate of Gozag.
             Slain by a death yak (17 damage)
             ... on level 9 of the Dungeon.
             The game lasted 00:38:07 (13576 turns).

doot the Basher (Gnoll Reaver)                     Turns: 13576, Time: 00:38:08

Health: -1/87      AC: 12    Str: 13    XL:     11   Next: 95%
Magic:  1/23       EV: 18    Int: 15    God:    Gozag
Gold:   2573       SH:  0    Dex: 17    Spells: 18/27 levels left

rFire   + + .        I - +5 dagger of Toywoch {pain, rElec rPois rF+ Will- Stlth+}
rCold   . . .        (no shield)
rNeg    . . .        P - +0 scale mail
rPois   +            L - +1 hat {Will+}
rElec   +            y - +0 cloak
rCorr   .            d - +1 pair of gloves
SInv    .            (no boots)
Will    .....        (no amulet)
Stlth   +++          D - +5 ring of evasion
HPRegen 0.34/turn    r - +6 ring of dexterity
MPRegen 0.18/turn

%: no passive effects
@: no status effects
A: fangs 1, strong nose, distributed training, fire resistance 1, mutation
resistance 1
a: Renounce Religion, Potion Petition, Call Merchant, Bribe Branch


You were on level 9 of the Dungeon.
You worshipped Gozag.
Gozag was most pleased with you.
You visited 1 branch of the dungeon, and saw 10 of its levels.
You also visited: Ossuary and Bailey.

You collected 3306 gold pieces.
You spent 733 gold pieces at shops.

Inventory:

Hand Weapons
 a - a +0 mace
 p - a +0 scythe
 w - a +3 quarterstaff of chaos
 G - the +2 flail of Uskayaw's Supremacy {elec, *Slow rPois rCorr}
   (You took it off an orc wizard on level 6 of the Dungeon)

   rPois:     It protects you from poison.
   rCorr:     It protects you from acid and corrosion.
   *Slow:     It may slow you when you take damage.
 H - a +3 battleaxe
 I - the +5 dagger of Toywoch (weapon) {pain, rElec rPois rF+ Will- Stlth+}
   (You found it on level 7 of the Dungeon)

   rF:        It protects you from fire.
   rElec:     It insulates you from electricity.
   rPois:     It protects you from poison.
   Will:      It decreases your willpower.
   Stlth:     It makes you more stealthy.
Armour
 b - a +0 leather armour
 d - a +1 pair of gloves (worn)
 x - a +0 cloak
 y - a +0 cloak (worn)
 F - a +0 ring mail
 L - a +1 hat of willpower (worn)
 P - a +0 scale mail (worn)
Jewellery
 g - a ring of positive energy
 r - a +6 ring of dexterity (right hand)
 D - a +5 ring of evasion (left hand)
Wands
 v - a wand of flame (12)
 B - a wand of acid (3)
 N - a wand of charming (11)
 Q - a wand of polymorph (3)
Scrolls
 c - 7 scrolls of blinking
 i - 8 scrolls of teleportation
 j - 2 scrolls of silence
 m - a scroll of butterflies {unknown}
 n - 3 scrolls of fear
 o - 5 scrolls of fog
 s - a scroll of torment
 t - a scroll of noise
 C - a scroll of brand weapon
 K - a scroll of immolation
 M - 3 scrolls of enchant weapon
 R - a scroll of amnesia
Potions
 e - 3 potions of haste
 f - 6 potions of heal wounds
 h - a potion of resistance
 k - 7 potions of degeneration
 l - 11 potions of curing
 q - 2 potions of attraction
 u - 2 potions of brilliance
 z - 5 potions of mutation
 A - 3 potions of lignification
 E - a potion of berserk rage
 J - a potion of ambrosia {unknown}
 O - a potion of flight
 S - 3 potions of invisibility {unknown}
 T - a potion of experience {unknown}
 U - 2 potions of might {unknown}
 V - 2 potions of magic {unknown}


   Skills:
 + Level 8.5 Fighting
 + Level 7.0 Short Blades
 + Level 7.0 Long Blades
 + Level 7.0 Axes
 + Level 9.7 Maces & Flails
 + Level 7.0 Polearms
 + Level 7.0 Staves
 + Level 7.0 Ranged Weapons
 + Level 7.0 Throwing
 + Level 7.0 Armour
 + Level 8.5 Dodging
 + Level 7.0 Stealth
 + Level 7.0 Shields
 + Level 7.0 Unarmed Combat
 + Level 8.7 Spellcasting
 + Level 8.1 Conjurations
 + Level 5.8 Hexes
 + Level 5.8 Summonings
 + Level 5.8 Necromancy
 + Level 5.8 Translocations
 + Level 5.8 Transmutations
 + Level 5.8 Fire Magic
 + Level 5.8 Ice Magic
 + Level 5.8 Air Magic
 + Level 5.8 Earth Magic
 + Level 5.8 Poison Magic
 + Level 7.7 Invocations
 + Level 7.0 Evocations


You had 18 spell levels left.
You knew the following spells:

 Your Spells              Type           Power      Damage    Failure   Level
a - Kiss of Death         Conj/Necr      100%       2d13      2%          1
b - Hailstorm             Conj/Ice       27%        3d7       8%          3
c - Call Imp              Summ           48%        N/A       6%          2
d - Mephitic Cloud        Conj/Pois/Air  26%        N/A       9%          3

Your spell library contained the following spells:

 Spells                   Type           Power      Damage    Failure   Level
 Magic Dart               Conj           100%       1d8       1%          1
 Shock                    Conj/Air       100%       1d9       2%          1
 Momentum Strike          Conj/Tloc      54%        3d9       3%          2
 Necrotise                Necr           96%        1d8       4%          1
 Lesser Beckoning         Tloc           48%        N/A       6%          2
 Gell's Gravitas          Tloc           24%        N/A       12%         3
 Teleport Other           Tloc           24%        N/A       12%         3
 Vampiric Draining        Necr           24%        2d7       12%         3
 Agony                    Necr           24%        N/A       73%         5


Dungeon Overview and Level Annotations

Branches:
Dungeon (10/15)            Temple (0/1) D:4         Ossuary (visited)
 Bailey (visited)
   Lair: D:8-11         Orc: D:9-12

Altars:
Elyvilon
Fedhas
Gozag
Kikubaaqudgha
Uskayaw
The Shining One

Shops:
D:7 :   D:8 *

Annotations:
D:4 3 runed translucent doors, diceflayer's ghost, amateur DsHu


Innate Abilities, Weirdness & Mutations

You have very sharp teeth.
Your uncanny sense of smell can sniff out nearby items.
Your experience applies equally to all skills.
Your flesh is heat resistant. (rF+)
You are somewhat resistant to further mutation.


Message History

Aiming: Mephitic Cloud (dangerous; 9% risk of failure)
Press: ? - help, Shift-Dir - straight line, f - death yak
Aim: a death yak (moderately wounded, chance to affect: 34%)
The ball explodes into a vile cloud!
The stinking cloud engulfs the death yak but does no damage.
The death yak is moderately wounded.
The stinking cloud engulfs you but does no damage.
The death yak is engulfed in noxious fumes.
The death yak gores you!!
* * * LOW HITPOINT WARNING * * *
Unknown command.
Unknown command.
The death yak is engulfed in noxious fumes.
The death yak gores you.
* * * LOW HITPOINT WARNING * * *
Unknown command.
The death yak attacks as you move away!
The death yak gores you but does no damage.
The death yak attacks as you move away! The death yak misses you.
The death yak attacks as you move away! The death yak completely misses you.
Casting: Mephitic Cloud (dangerous; 9% risk of failure)
Confirm with . or Enter, or press ? or * to list all spells.
Aiming: Mephitic Cloud (dangerous; 9% risk of failure)
Press: ? - help, Shift-Dir - straight line, f/p - death yak
Aim: a death yak (moderately wounded, chance to affect: 34%)
The ball explodes into a vile cloud!
The stinking cloud engulfs the death yak but does no damage.
The death yak is moderately wounded.
The stinking cloud engulfs you but does no damage.
The death yak is engulfed in noxious fumes.
The death yak gores you.
* * * LOW HITPOINT WARNING * * *
Unknown command.
The death yak is engulfed in noxious fumes.
The death yak appears confused.
The death yak is engulfed in noxious fumes.
The death yak seems less confused.
The death yak attacks as you move away! The death yak gores you!
You die...
Your body crumbles into a pile of gold.

#####.#####...####.##.##.........
#.# #.#.#.......#.....#####
#.#####.#.........#.##.....#
#.#.....##.....##..........# #
#.#.######..)..##.#.##.....# #
#.#.# #)[......#.##.....# # #.#.#
#[...#.###.########
#####.#.#######...#....°#########
................@Y...............
...##.....#####.###)#.###########
...####...# #.......# # ...#
#...# ####....########### ...#
#...# ####.....#...... .### #...#
##.##.#.##### .# #######
#....#...# .####.#
#######..##.### ....^.#
#........##...#


You could see a death yak.

Vanquished Creatures
  Gastronok (D:8)
  4 death yaks (D:10)
  An orc knight (Bailey)
  Pikel (D:5)
  Grinder (D:6)
  Sigmund (D:2)
  Eustachio (D:5)
  12 yaks (D:9)
  Grum (D:8)
  Menkaure (D:6)
  3 water moccasins
  5 orc warriors
  A sky beast (D:7)
  3 black bears (D:5)
  3 ogres
  3 wolves (D:8)
  A lemure (D:5)
  3 centaurs
  3 phantoms
  A kobold brigand (D:7)
  An elf zombie (Ossuary)
  3 bullfrogs (D:7)
  3 gnoll sergeants
  2 scorpions (D:7)
  7 wights
  11 killer bees
  4 electric eels (D:6)
  6 howler monkeys
  3 centaur zombies
  A centaur skeleton (D:7)
  4 hounds
  A human zombie (Ossuary)
  4 jellies
  10 orc priests
  Crazy Yiuf (D:2)
  Jessica (D:3)
  3 iguanas
  11 orc wizards
  A spectral killer bee (D:7)
  2 mummies (Ossuary)
  25 gnolls
  9 adders
  9 river rats (D:5)
  A shadow imp (D:4)
  2 white imps
  A howler monkey simulacrum (D:7)
  4 ufetubi
  A worm (D:4)
  2 dart slugs
  50 orcs
  3 ball pythons
  6 endoplasms
  3 giant cockroaches
  34 goblins
  24 hobgoblins
  21 kobolds
  12 quokkas
  2 bats
  4 frilled lizards
  2 goblin zombies (Ossuary)
  3 hobgoblin zombies (Ossuary)
  4 jackal zombies
  15 kobold zombies (Ossuary)
  9 orc zombies (Ossuary)
  19 rats
  A rat zombie (Ossuary)
395 creatures vanquished.

Vanquished Creatures (others)
  An orc (D:6)
  A fungus (D:4)
  3 plants (D:4)
  18 withered plants (D:7)
23 creatures vanquished.

Grand Total: 418 creatures vanquished

Notes
Turn   | Place    | Note
-------+----------+-------------------------------------------
     0 | D:1      | doot the Gnoll Reaver began the quest for the Orb.
     0 | D:1      | Reached XP level 1. HP: 20/20 MP: 6/6
   277 | D:1      | Reached XP level 2. HP: 24/26 MP: 7/7
   282 | D:1      | Found a faded altar of an unknown god.
   289 | D:1      | Prayed at the altar of an unknown god.
   289 | D:1      | Became a worshipper of Gozag Ym Sagoz the Greedy
   290 | D:1      | Got Plato's Dissertation on Ouranomancy
   746 | D:2      | Noticed Sigmund
  1008 | D:2      | Found a runed translucent door.
  1009 | D:2      | Noticed Crazy Yiuf
  1055 | D:2      | Reached skill level 5 in Spellcasting
  1055 | D:2      | Reached XP level 3. HP: 24/31 MP: 7/9
  1186 | D:1      | Reached skill level 1 in Invocations
  1216 | D:2      | Killed Sigmund
  1217 | D:2      | Reached skill level 1 in Short Blades
  1217 | D:2      | Reached skill level 1 in Long Blades
  1217 | D:2      | Reached skill level 1 in Axes
  1217 | D:2      | Reached skill level 1 in Polearms
  1217 | D:2      | Reached skill level 1 in Staves
  1217 | D:2      | Reached skill level 1 in Ranged Weapons
  1217 | D:2      | Reached skill level 1 in Throwing
  1217 | D:2      | Reached skill level 1 in Armour
  1217 | D:2      | Reached skill level 1 in Stealth
  1217 | D:2      | Reached skill level 1 in Shields
  1217 | D:2      | Reached skill level 1 in Unarmed Combat
  1217 | D:2      | Reached skill level 1 in Hexes
  1217 | D:2      | Reached skill level 1 in Summonings
  1217 | D:2      | Reached skill level 1 in Necromancy
  1217 | D:2      | Reached skill level 1 in Translocations
  1217 | D:2      | Reached skill level 1 in Transmutations
  1217 | D:2      | Reached skill level 1 in Fire Magic
  1217 | D:2      | Reached skill level 1 in Ice Magic
  1217 | D:2      | Reached skill level 1 in Air Magic
  1217 | D:2      | Reached skill level 1 in Earth Magic
  1217 | D:2      | Reached skill level 1 in Poison Magic
  1217 | D:2      | Reached skill level 1 in Evocations
  1217 | D:2      | Reached XP level 4. HP: 13/38 MP: 6/11
  1217 | D:2      | Reached XP level 5. HP: 14/43 MP: 6/12
  1381 | D:2      | Found a glowing golden altar of the Shining One.
  1854 | D:3      | Reached XP level 6. HP: 49/50 MP: 13/13
  1959 | D:3      | Learned a level 3 spell: Hailstorm
  2188 | D:3      | Reached skill level 5 in Fighting
  2188 | D:3      | Reached skill level 5 in Dodging
  2559 | D:3      | Noticed Jessica
  2564 | D:3      | Killed Jessica
  2842 | D:4      | Noticed diceflayer's ghost (amateur DsHu)
  2844 | D:4      | Found a runed translucent gate.
  2844 | D:4      | Found a runed translucent gate.
  2844 | D:4      | Found a runed translucent gate.
  2971 | D:4      | Reached XP level 7. HP: 56/56 MP: 15/15
  3073 | D:4      | Reached skill level 7 in Maces & Flails
  3384 | D:4      | Found a staircase to the Ecumenical Temple.
  4094 | D:2      | Killed Crazy Yiuf
  4270 | D:5      | Entered Level 5 of the Dungeon
  4270 | D:5      | Found a sand-covered staircase.
  4277 | Ossuary  | Entered an ossuary
  4671 | Ossuary  | Reached XP level 8. HP: 45/48 MP: 1/16
  5296 | D:5      | Noticed Pikel
  5327 | D:5      | Killed Pikel
  5683 | D:5      | Reached XP level 9. HP: 63/69 MP: 18/18
  6089 | D:5      | Noticed Blork the orc
  6091 | D:5      | Noticed Eustachio
  6094 | D:5      | Blork the orc changed into Blork the dart slug
  6094 | D:5      | Noticed Blork
  6117 | D:5      | Killed Eustachio
  6121 | D:5      | Killed Blork the dart slug
  6455 | D:6      | Noticed Menkaure
  6459 | D:6      | Killed Menkaure
  6460 | D:6      | Reached skill level 8 in Maces & Flails
  6600 | D:6      | Reached skill level 5 in Invocations
  6691 | D:6      | Identified the +2 flail of Uskayaw's Supremacy {elec, *Slow
                  | rPois rCorr}
  7035 | D:6      | Noticed Grinder
  7037 | D:6      | Paralysed by Grinder for 5 turns
  7051 | D:6      | Paralysed by Grinder for 3 turns
  7064 | D:6      | Killed Grinder
  7664 | D:6      | Found an ancient bone altar of Kikubaaqudgha.
  7973 | D:6      | Learned a level 2 spell: Call Imp
  7977 | D:6      | Learned a level 3 spell: Mephitic Cloud
  8353 | D:6      | Reached skill level 5 in Short Blades
  8353 | D:6      | Reached skill level 5 in Long Blades
  8353 | D:6      | Reached skill level 5 in Axes
  8353 | D:6      | Reached skill level 5 in Polearms
  8353 | D:6      | Reached skill level 5 in Staves
  8353 | D:6      | Reached skill level 5 in Ranged Weapons
  8353 | D:6      | Reached skill level 5 in Throwing
  8353 | D:6      | Reached skill level 5 in Armour
  8353 | D:6      | Reached skill level 5 in Stealth
  8353 | D:6      | Reached skill level 5 in Shields
  8353 | D:6      | Reached skill level 5 in Unarmed Combat
  8353 | D:6      | Reached skill level 5 in Evocations
  8372 | D:6      | Reached XP level 10. HP: 74/77 MP: 20/20
  9212 | D:7      | Identified the +5 dagger of Toywoch {pain, rElec rPois rF+
                  | Will- Stlth+}
  9259 | D:7      | Found Ceuv's Book Emporium.
  9396 | D:7      | Found a blossoming altar of Fedhas.
  9396 | D:7      | Found a hide-covered altar of Uskayaw.
  9821 | D:8      | Noticed Gastronok
  9883 | D:8      | Killed Gastronok
 10293 | D:8      | Reached skill level 9 in Maces & Flails
 10389 | D:8      | Reached skill level 5 in Hexes
 10389 | D:8      | Reached skill level 5 in Summonings
 10389 | D:8      | Reached skill level 5 in Necromancy
 10389 | D:8      | Reached skill level 5 in Translocations
 10389 | D:8      | Reached skill level 5 in Transmutations
 10389 | D:8      | Reached skill level 5 in Fire Magic
 10389 | D:8      | Reached skill level 5 in Ice Magic
 10389 | D:8      | Reached skill level 5 in Air Magic
 10389 | D:8      | Reached skill level 5 in Earth Magic
 10389 | D:8      | Reached skill level 5 in Poison Magic
 10389 | D:8      | Reached XP level 11. HP: 69/85 MP: 22/22
 10461 | D:8      | Found Qusoxko's Changing Room.
 10480 | D:8      | Noticed Grum
 10496 | D:8      | Killed Grum
 10597 | D:8      | Bought a potion of mutation for 104 gold pieces
 10597 | D:8      | Bought a potion of mutation for 104 gold pieces
 10597 | D:8      | Gained mutation: Your body sometimes deteriorates upon
                  | taking damage. [potion of mutation]
 10597 | D:8      | Gained mutation: Your natural rate of healing is unusually
                  | fast. [potion of mutation]
 10597 | D:8      | Gained mutation: You occasionally lose the ability to drink
                  | potions when taking damage. [potion of mutation]
 10597 | D:8      | Gained mutation: You have a pair of small antennae on your
                  | head. [potion of mutation]
 10598 | D:8      | Lost mutation: You have a pair of small antennae on your
                  | head. [potion of mutation]
 10598 | D:8      | Lost mutation: You occasionally lose the ability to drink
                  | potions when taking damage. [potion of mutation]
 10598 | D:8      | Lost mutation: Your natural rate of healing is unusually
                  | fast. [potion of mutation]
 10598 | D:8      | Gained mutation: Your flesh is heat resistant. (rF+)
                  | [potion of mutation]
 10599 | D:8      | Lost mutation: Your body sometimes deteriorates upon taking
                  | damage. [potion of mutation]
 10599 | D:8      | Lost mutation: Your flesh is heat resistant. (rF+) [potion
                  | of mutation]
 10599 | D:8      | Gained mutation: You are somewhat resistant to further
                  | mutation. [potion of mutation]
 10599 | D:8      | Gained mutation: Your flesh is heat resistant. (rF+)
                  | [potion of mutation]
 12170 | D:10     | Entered Level 10 of the Dungeon
 12171 | D:10     | Found a white marble altar of Elyvilon.
 12369 | D:10     | Found Zakhet's Magic Scroll Shop.
 12374 | D:10     | Bought a scroll of enchant weapon for 97 gold pieces
 12374 | D:10     | Bought a scroll of amnesia for 52 gold pieces
 12374 | D:10     | Bought a scroll of fear for 52 gold pieces
 12374 | D:10     | Bought a scroll of teleportation for 39 gold pieces
 12374 | D:10     | Bought a scroll of identify for 26 gold pieces
 12374 | D:10     | Bought a scroll of identify for 26 gold pieces
 12374 | D:10     | Bought a scroll of enchant weapon for 97 gold pieces
 12374 | D:10     | Bought a scroll of blinking for 97 gold pieces
 12374 | D:10     | Bought a scroll of teleportation for 39 gold pieces
 12450 | D:10     | Found a flagged portal.
 12483 | Bailey   | Entered a bailey
 12783 | Bailey   | Noticed an orc knight
 12815 | Bailey   | Killed an orc knight
 13120 | D:10     | Noticed a death yak
 13120 | D:10     | Noticed a death yak
 13120 | D:10     | Noticed a death yak
 13120 | D:10     | Noticed a death yak
 13120 | D:10     | Noticed a death yak
 13120 | D:10     | Noticed a death yak
 13154 | D:10     | Killed a death yak
 13160 | D:10     | Killed a death yak
 13522 | D:10     | Killed a death yak
 13524 | D:10     | Killed a death yak
 13576 | D:9      | Slain by a death yak

Illustrated notes

Levels and vault maps discovered:
D:1:      dpeg_arrival_more_subterranean_lakeside_camping, layout_basic,
          shapermc_ecumenical_altar_rom_forum, chequers_serial_rivers_small_3,
          chequers_serial_rivers_marsh
D:2:      layout_loops_ring, basic_altar, uniq_sigmund, uniq_crazy_yiuf_cottage
D:3:      layout_rooms, uniq_jessica
D:4:      layout_layer_cave, minmay_temple_entry_mini_moons,
          gammafunk_ghost_nasty_kobolds
D:5:      lemuel_ratsnest, layout_loops_ring, enter_ossuary_3, uniq_pikel,
          uniq_eustachio, uniq_blork_the_orc
D:6:      minmay_goblin_kobold_castle, layout_loops_ring, kennysheep_mini,
          uniq_grinder, uniq_menkaure
D:7:      layout_gridville, gammafunk_temple_overflow_elements, serial_shops,
          nicolae_shop_hallway_plus, dilly_guarded_unrand_morg
D:8:      layout_cave_pools, hex_medium, nicolae_transmutations_shop, uniq_grum,
          uniq_gastronok
D:9:      layout_basic
D:10:     cheibrodos_iron_armory, layout_basic, mainiacjoe_overflow_alcove_4,
          nicolae_overflow_hidden_temple, dpeg_lair_monsters, erik_orc_1,
          enter_bailey_2, serial_shops, nicolae_shop_hallway_plus,
          nicolae_shop_firing_range

Skill      XL: |  1  2  3  4  5  6  7  8  9 10 11 |
---------------+----------------------------------+-----
Spellcasting   | 5 6 7 8 |  8.7
Invocations    | 1 2 3 4 5 6 7 |  7.7
Short Blades   | 1 2 3 5 6 7 |  7.0
Long Blades    | 1 2 3 5 6 7 |  7.0
Axes           | 1 2 3 5 6 7 |  7.0
Polearms       | 1 2 3 5 6 7 |  7.0
Staves         | 1 2 3 5 6 7 |  7.0
Ranged Weapons | 1 2 3 5 6 7 |  7.0
Throwing       | 1 2 3 5 6 7 |  7.0
Armour         | 1 2 3 5 6 7 |  7.0
Stealth        | 1 2 3 5 6 7 |  7.0
Shields        | 1 2 3 5 6 7 |  7.0
Unarmed Combat | 1 2 3 5 6 7 |  7.0
Hexes          | 1 2 3 4 5 |  5.8
Summonings     | 1 2 3 4 5 |  5.8
Necromancy     | 1 2 3 4 5 |  5.8
Translocations | 1 2 3 4 5 |  5.8
Transmutations | 1 2 3 4 5 |  5.8
Fire Magic     | 1 2 3 4 5 |  5.8
Ice Magic      | 1 2 3 4 5 |  5.8
Air Magic      | 1 2 3 4 5 |  5.8
Earth Magic    | 1 2 3 4 5 |  5.8
Poison Magic   | 1 2 3 4 5 |  5.8
Evocations     | 1 2 3 5 6 7 |  7.0
Fighting       | 5 6 7 8 |  8.5
Dodging        | 5 6 7 8 |  8.5
Maces & Flails | 7 8 9 |  9.7
Conjurations   | 6 7 8 |  8.1

Action                     |  1- 3 |  4- 6 |  7- 9 | 10-12 || total
---------------------------+-------+-------+-------+-------++-------
  Melee: Mace              |    56 |     3 |       |       ||    59
         Bite              |     3 |    12 |    49 |    58 ||   122
         Punch             |     1 |       |       |     2 ||     3
         Halberd           |       |   117 |    51 |       ||   168
         Quarterstaff      |       |       |   368 |    63 ||   431
         Battleaxe         |       |       |       |   341 ||   341
         Dagger            |       |       |       |    23 ||    23
   Cast: Kiss of Death     |     4 |     1 |    10 |     7 ||    22
         Hailstorm         |       |    10 |    34 |    50 ||    94
         Call Imp          |       |       |       |     7 ||     7
         Mephitic Cloud    |       |       |       |    17 ||    17
  Evoke: Wand              |       |       |     9 |     2 ||    11
    Use: Potion            |       |       |     3 |     4 ||     7
         Scroll            |       |       |       |    12 ||    12
   Stab: Sleeping          |       |     1 |     8 |    12 ||    21
         Distracted        |       |       |     1 |     3 ||     4
         Paralysed         |       |       |     1 |       ||     1
         Confused          |       |       |       |    10 ||    10
 Armour: Leather armour    |    28 |    39 |    73 |       ||   140
         Ring mail         |       |       |    10 |   113 ||   123
         Scale mail        |       |       |       |    51 ||    51
  Dodge: Dodged            |    35 |    70 |   369 |   579 ||  1053
